 Dungeon Crawl Stone Soup version 0.26-a0-812-g31a745ddcd (webtiles) character file.

Game seed: 5203642725909142832

980 kae the Ruffian (level 7, -2/57 HPs)
             Began as a Purple Draconian Transmuter on Dec 1, 2020.
             Splashed by a jelly's acid (3 damage)
             ... on level 5 of the Dungeon.
             The game lasted 00:03:42 (6125 turns).

kae the Ruffian (Purple Draconian Transmuter)       Turns: 6125, Time: 00:03:42

Health: -2/57      AC: -6    Str: 14    XL:     7   Next: 96%
Magic:  13/13      EV: 13    Int: 14    God:
Gold:   292        SH:  0    Dex: 11    Spells: 10/14 levels left

rFire    . . .     SeeInvis .     - Unarmed
rCold    . . .     Faith    .   (no shield)
rNeg     . . .     Spirit   .   (armour unavailable)
rPois    .         Reflect  .   (helmet restricted)
rElec    .         Harm     .   (no cloak)
rCorr    .         Rampage  .   (no gloves)
MR       +....                  (no boots)
Stlth    +.........             (no amulet)
HPRegen  0.19/turn              (no ring)
MPRegen  0.13/turn              (no ring)

@: short of breath, corroded
A: breathe power, unfitting armour, cold-blooded, AC +6
a: Breathe Dispelling Energy


You were on level 5 of the Dungeon.
You visited 1 branch of the dungeon, and saw 7 of its levels.

You collected 292 gold pieces.

Inventory:

Jewellery
 l - an uncursed amulet of regeneration {unknown}
 o - an uncursed ring of fire {unknown}
 s - an uncursed ring of resist corrosion {unknown}
Wands
 p - a wand of acid (14)
 r - a wand of polymorph (7)
Scrolls
 b - 4 scrolls of remove curse {unknown}
 c - 2 scrolls of amnesia {unknown}
 d - a scroll of noise {unknown}
 e - 3 scrolls of teleportation {unknown}
 f - 2 scrolls of enchant weapon {unknown}
 i - 4 scrolls of identify {unknown}
 m - a scroll of magic mapping {unknown}
 n - a scroll of enchant armour {unknown}
 q - a scroll of fear {unknown}
Potions
 a - a potion of invisibility
 g - a potion of heal wounds {unknown}
 h - 3 potions of curing
 j - a potion of berserk rage {unknown}
 k - a potion of resistance {unknown}


   Skills:
 + Level 3.6 Fighting
 + Level 3.4 Dodging
 * Level 5.5 Unarmed Combat
 + Level 4.2 Spellcasting
 * Level 5.2 Transmutations
 - Level 2.0 Poison Magic


You had 10 spell levels left.
You knew the following spells:

 Your Spells              Type           Power        Failure   Level
a - Beastly Appendage     Tmut           ###...       2%          1
b - Spider Form           Tmut/Pois      ##........   13%         3

Your spell library contained the following spells:

 Spells                   Type           Power        Failure   Level
 Wereblood                Tmut           ###.....     3%          2
 Blade Hands              Tmut           ###.......   52%         5
 Ice Form                 Ice/Tmut       ##......     54%         4


Dungeon Overview and Level Annotations

Branches:
Dungeon (7/15)
 Temple: D:4-7

Altars:
Kikubaaqudgha
Trog
Uskayaw

Annotations:
D:7 3 runed translucent doors


Innate Abilities, Weirdness & Mutations

You can breathe bolts of dispelling energy.
Your rich purple scales are hard. (AC +6)
You cannot fit into any form of body armour.
You are cold-blooded and may be slowed by cold attacks.


Message History

You are too injured to fight recklessly!
You are too injured to fight recklessly!
You are too injured to fight recklessly!
You are too injured to fight recklessly!
You are too injured to fight recklessly!
You are too injured to fight recklessly!
You are too injured to fight recklessly!
You hit the jelly but do no damage. The acid corrodes you!
Your hands burn!
The jelly is severely wounded.
The jelly hits you.
You are splashed with acid!
* * * LOW HITPOINT WARNING * * *
You hit the jelly but do no damage.
Your hands burn!
* * * LOW HITPOINT WARNING * * *
The jelly is severely wounded.
The jelly hits you.
* * * LOW HITPOINT WARNING * * *
You are splashed with acid!
* * * LOW HITPOINT WARNING * * *
You hit the jelly.
Your hands burn!
You die...

#####.#>#......#.....#
#................#
#...#............#
###.#............#
..#....#...>...#
.#....#.#.#.....#
..##....###......#
######.##...###
.....:.@##.#
#####.##JZ.# # .###
#.. .... .....♣ #.
#... ♣...


You could see a jelly and a bullfrog skeleton.

Vanquished Creatures
  3 phantoms
  2 ogres
  A scorpion (D:4)
  A jelly (D:6)
  4 hounds
  2 worker ants
  5 gnolls (D:3)
  15 adders
  A shadow imp (D:7)
  2 worms (D:2)
  3 dart slugs
  3 leopard geckos
  4 orcs
  A ball python (D:2)
  8 bats
  6 giant cockroaches
  6 goblins
  5 hobgoblins
  3 jackals (D:4)
  7 kobolds
  4 quokkas
  9 frilled lizards
  10 rats
105 creatures vanquished.

Vanquished Creatures (others)
  An orc wizard (D:4)
1 creature vanquished.

Grand Total: 106 creatures vanquished

Notes
Turn   | Place    | Note
-------+----------+-------------------------------------------
     0 | D:1      | kae the Draconian Transmuter began the quest for the Orb.
     0 | D:1      | Reached XP level 1. HP: 16/16 MP: 3/3
   220 | D:1      | Reached XP level 2. HP: 21/23 MP: 3/5
   489 | D:1      | You fall into a shaft and drop 1 floor!
   901 | D:2      | Reached XP level 3. HP: 13/28 MP: 6/6
   913 | D:2      | Learned a level 3 spell: Spider Form
  1348 | D:2      | Reached XP level 4. HP: 27/36 MP: 7/7
  1639 | D:2      | Found a bloodstained altar of Trog.
  3181 | D:3      | Reached XP level 5. HP: 36/41 MP: 8/8
  4016 | D:4      | Reached skill level 1 in Poison Magic
  4185 | D:4      | Noticed a phantom
  4191 | D:4      | Reached XP level 6. HP: 50/50 MP: 6/10
  4529 | D:4      | Found a hide-covered altar of Uskayaw.
  4696 | D:4      | Your scales start taking on a rich purple colour.
  4696 | D:4      | Reached XP level 7. HP: 10/56 MP: 8/12
  5247 | D:4      | You fall into a shaft and drop 3 floors!
  5247 | D:7      | Found a runed translucent gate.
  5256 | D:7      | Reached skill level 5 in Unarmed Combat
  5345 | D:7      | Found a runed translucent gate.
  5345 | D:7      | Found a runed translucent gate.
  5470 | D:5      | Entered Level 5 of the Dungeon
  5870 | D:5      | Found a bloodstained altar of Trog.
  5944 | D:5      | Found an ancient bone altar of Kikubaaqudgha.
  5964 | D:5      | Reached skill level 5 in Transmutations
  6124 | D:5      | HP: 1/57 [acid (9)]
  6125 | D:5      | Splashed by a jelly's acid

Illustrated notes

Levels and vault maps discovered:
D:1:      minmay_arrival_stair_chambers, layout_rooms
D:2:      layout_basic, trog_butcher_becter
D:3:      layout_basic, minmay_close_crescents
D:4:      layout_rooms, tgw_sif, lemuel_tele_altar
D:5:      layout_basic, nicolae_overflow_crystal_walls, kennysheep_mini,
          chequers_serial_rivers_small_a, chequers_serial_rivers_room_b,
          grunt_ministairs_2, minmay_manual_monstrance
D:6:      layout_gridville, vehumet_crystals, uniq_crazy_yiuf_cottage,
          uniq_grinder
D:7:      layout_layer_cave, minmay_temple_entry_fiery, gammafunk_ghost_icy,
          kennysheep_generic_room_7, uniq_pikel, uniq_duvessa

Skill      XL: |  1  2  3  4  5  6  7 |
---------------+----------------------+-----
Dodging        | 2 3 |  3.4
Transmutations | 3 4 5 |  5.2
Fighting       | 2 3 |  3.6
Unarmed Combat | 4 5 |  5.5
Poison Magic   | 1 2 |  2.0
Spellcasting   | 3 4 |  4.2

Action                   |  1- 3 |  4- 6 |  7- 9 || total
-------------------------+-------+-------+-------++-------
Melee: Unarmed           |   109 |   235 |    86 ||   430
       Tailslap          |     6 |    16 |     4 ||    26
       Punch             |     2 |     3 |       ||     5
       Kick              |    13 |    21 |       ||    34
       Headbutt          |     8 |    14 |       ||    22
 Cast: Beastly Appendage |    17 |    30 |       ||    47
       Spider Form       |       |     6 |     8 ||    14
 Abil: Breathe Dispellin |       |       |     5 ||     5
  Use: Potion            |       |     4 |     1 ||     5
 Stab: Sleeping          |     1 |       |       ||     1
Armor: Skin              |    49 |    67 |     9 ||   125
Dodge: Dodged            |    74 |   167 |    75 ||   316

Table legend: (Time is in decaauts)
 A = Elapsed time spent in this place.
 B = Non-inter-level travel time spent in this place.
 C = Inter-level travel time spent in this place.
 D = Time resting spent in this place.
 E = Time spent auto-exploring this place.
 F = Levels seen in this place.
 G = Mean time per level.
                   A        B        C        D        E       F      G
               +--------+--------+--------+--------+--------+-----+--------+
         Total |   6100 |   5983 |    117 |    852 |   4214 |   7 |  871.4 |
       Dungeon |   6100 |   5983 |    117 |    852 |   4214 |   7 |  871.4 |
               +--------+--------+--------+--------+--------+-----+--------+

Top non-repeatable levels by time:
     D:2: 1923 daAuts
     D:3: 1410 daAuts
     D:4: 1073 daAuts
     D:1: 817 daAuts
     D:5: 417 daAuts
     D:6: 325 daAuts
     D:7: 131 daAuts
